 Dungeon Crawl Stone Soup version 0.32-a0-18-g89e19f1974 (webtiles) character file.

Game seed: 7504808473925614799

11481 bobarctor the Torchbearer (level 11, -6/68 (85) HPs)
             Began as a Demonspawn Monk on Jan 16, 2024.
             Was an Initiate of Yredelemnul.
             Mangled by a polar bear (16 damage)
             ... on level 9 of the Dungeon.
             The game lasted 01:28:55 (12772 turns).

bobarctor the Torchbearer (Demonspawn Monk)        Turns: 12772, Time: 01:28:58

HP:   -6/68 (85)    AC:  5    Str: 12    XL:     11   Next: 49%
MP:   10/22         EV: 14    Int: 15    God:    Yredelemnul [......]
Gold: 738           SH:  4    Dex: 15    Spells: 5/25 levels left

rFire   . . .        G - +5 flail (protect)
rCold   + . .        d - orb {light}
rNeg    . . .        m - +2 robe {rC+}
rPois   +            (helmet unavailable)
rElec   .            (no cloak)
rCorr   .            (no gloves)
SInv    +            (no boots)
Will    .....        (no amulet)
Stlth   +            s - ring of poison resistance
HPRegen 0.31/turn    (no ring)
MPRegen 0.18/turn

%: no passive effects
@: mighty, very slightly contaminated, glowing, heavily drained
A: antennae 3, rugged brown scales 1, powered by pain 2, condensation shield
a: Renounce Religion, Recall Undead Harvest


You were on level 9 of the Dungeon.
You worshipped Yredelemnul.
Yredelemnul was aware of your devotion.
You visited 2 branches of the dungeon, and saw 10 of its levels.
You also visited: Sewer and Bailey.

You collected 738 gold pieces.

Inventory:

Hand Weapons
 a - a +3 whip of electrocution
 g - a +4 spear of venom
 j - a -1 demon whip of venom
 w - a +0 flail
 G - a +5 flail of protection (weapon)
 H - a +0 sling
Missiles
 i - 18 poisoned darts (quivered)
 v - 5 boomerangs
Armour
 d - an orb of light (worn)
 m - a +2 robe of cold resistance (worn)
 E - a +2 robe of positive energy
 K - the +2 ring mail of Moral Flaws {Will++}
   (You found it on level 9 of the Dungeon)

   Will++:    It greatly increases your willpower.
Jewellery
 s - a ring of poison resistance (left hand)
 F - an amulet of the acrobat
Wands
 f - a wand of iceblast (5)
 x - a wand of quicksilver (6)
 y - a wand of charming (19)
 D - a wand of flame (53)
 I - a wand of digging (4)
Scrolls
 b - a scroll of identify
 e - 2 scrolls of teleportation
 n - a scroll of fog
 p - a scroll of acquirement
 z - 2 scrolls of blinking
Potions
 c - a potion of ambrosia
 h - 3 potions of brilliance
 k - 3 potions of might
 l - 3 potions of cancellation
 o - 7 potions of curing
 q - 4 potions of magic
 r - 3 potions of invisibility
 t - 3 potions of heal wounds
 u - 5 potions of haste
 A - 3 potions of lignification {unknown}
 B - 3 potions of resistance
 C - 4 potions of mutation {unknown}
 J - a potion of experience {unknown}


   Skills:
 + Level 6.7 Fighting
 + Level 6.1 Maces & Flails
 * Level 0.2 Armour
 + Level 6.0 Dodging
 * Level 7.7 Spellcasting
 + Level 2.0 Conjurations
 + Level 5.3 Summonings
 * Level 4.2 Necromancy
 + Level 3.6 Translocations
 + Level 5.0 Ice Magic
 + Level 1.7 Air Magic
 + Level 2.0 Alchemy
 * Level 8.8 Invocations


You had 5 spell levels left.
You knew the following spells:

 Your Spells              Type           Power      Damage    Failure   Level
a - Vampiric Draining     Necr           18%        2d7       7%          3
b - Call Imp              Summ           42%        N/A       1%          2
c - Ozocubu's Armour      Ice            20%        N/A       4%          3
d - Teleport Other        Tloc           16%        N/A       9%          3
e - Summon Ice Beast      Ice/Summ       21%        N/A       4%          3
f - Mephitic Cloud        Conj/Alch/Air  11%        N/A       17%         3
g - Hailstorm             Conj/Ice       16%        3d6       9%          3

Your spell library contained the following spells:

 Spells                   Type           Power      Damage    Failure   Level
 Sublimation of Blood     Necr           18%        N/A       3%          2
 Lesser Beckoning         Tloc           32%        N/A       4%          2
 Gell's Gravitas          Tloc           16%        N/A       9%          3
 Slow                     Hex            20%        N/A       12%         1
 Dazzling Flash           Conj/Hex       16%        N/A       24%         3
 Stone Arrow              Conj/Erth      16%        3d8       24%         3
 Confusing Touch          Hex            5%         N/A       36%         3
 Sigil of Binding         Hex            5%         N/A       36%         3
 Animate Armour           Summ/Erth      26%        N/A       38%         4
 Curse of Agony           Necr           18%        N/A       52%         5
 Petrify                  Alch/Erth      8%         N/A       63%         4
 Metabolic Englaciation   Hex/Ice        6%         N/A       77%         5
 Irradiate                Conj/Alch      5%         3d13      83%         5
 Silence                  Hex/Air        4%         N/A       94%         5
 Sculpt Simulacrum        Ice/Alch       8%         N/A       99%         6
 Summon Hydra             Summ           10%        N/A       100%        7
 Lehudib's Crystal Spear  Conj/Erth      4%         10d3      100%        8


Dungeon Overview and Level Annotations

Branches:
Dungeon (9/15)             Temple (1/1) D:4           Sewer (visited)
 Bailey (visited)
   Lair: D:8-11         Orc: D:9-12

Altars:
Ashenzari
Cheibriados
Dithmenos
Fedhas
Gozag
Hepliaklqana
Kikubaaqudgha
Makhleb
Nemelex Xobeh
Okawaru
Qazlal
Ru
Sif Muna
Trog
Uskayaw
Vehumet
Wu Jian
Xom
Yredelemnul

Shops:
D:3 =*!=:


Innate Abilities, Weirdness & Mutations

You have a pair of large antennae on your head. (SInv)
You are partially covered in rugged brown scales. (AC +1, +3% HP)
You sometimes gain power by taking damage.
A meltable shield of frost defends you. (SH +4)


Message History

The polar bear is heavily wounded.
The polar bear bites you!
The polar bear claws you but does no damage. x2
Casting: Vampiric Draining (dangerous; 7% risk of failure)
Confirm with . or Enter, or press ? or * to list all spells.
Aiming: Vampiric Draining (dangerous; 7% risk of failure)
Press: ? - help, Shift-Dir - straight line, f - polar bear
Aim: a polar bear (heavily wounded, haloed)
You draw life force from the polar bear!
You feel life coursing into your body.
The polar bear goes berserk!
Casting: Vampiric Draining (dangerous; 7% risk of failure)
Confirm with . or Enter, or press ? or * to list all spells.
Aiming: Vampiric Draining (dangerous; 7% risk of failure)
Press: ? - help, Shift-Dir - straight line, f/p - polar bear
Aim: a polar bear (almost dead, berserk, haloed)
You draw life force from the polar bear.
You feel life coursing into your body. The polar bear closely misses you.
The polar bear barely misses you. x2; The polar bear bites you!
The polar bear claws you. The polar bear barely misses you.
Casting: Vampiric Draining (dangerous; 7% risk of failure)
Confirm with . or Enter, or press ? or * to list all spells.
Aiming: Vampiric Draining (dangerous; 7% risk of failure)
Press: ? - help, Shift-Dir - straight line, f/p - polar bear
Aim: a polar bear (almost dead, berserk, haloed)
You draw life force from the polar bear.
You feel life coursing into your body. The polar bear bites you!!
* * * LOW HITPOINT WARNING * * *
You focus on the pain.
You feel very mighty all of a sudden. The polar bear misses you. x2
Casting: Vampiric Draining (dangerous; 7% risk of failure)
Confirm with . or Enter, or press ? or * to list all spells.
Aiming: Vampiric Draining (dangerous; 7% risk of failure)
Press: ? - help, Shift-Dir - straight line, f/p - polar bear
Aim: a polar bear (almost dead, berserk, haloed)
You miscast Vampiric Draining.
You are very lightly contaminated with residual magic.
Nothing appears to happen.
The polar bear bites you!
You die...
Your body rises from the dead as a mindless zombie.

#..# ***#.#*** #..#
*,,...,,* ####..#
*,*...*,*
#.....##*,,###,,##
#.##.......# *,,..
#.##.####..#**,,##
#.........,.,,*,*
#.##......,,,,,,*
#@####.###,****** #h# *.#
*,*###### ***#5# *.#
*,*#..... *,,..# *,*
#,*#.#### *****,*#.#***,*
#.*#.#
**,,,,,,...,**<###.##.####
*,,,,~,~...,,,......#.##..
*,,,,~~~...,,,...........#
*,,,~~~~~,,,**####.....###


You could see a polar bear (berserk) and a white imp.

Vanquished Creatures
  Gastronok (D:8)
  Amaemon (D:8)
  Pikel (D:8)
  An orc knight (Bailey)
  2 orc sorcerers (D:7)
  An orange demon (D:8)
  2 polar bears (D:9)
  A troll (D:9)
  A hornet (D:7)
  Sigmund (D:6)
  4 yaks (D:9)
  5 humans
  2 unseen horror simulacra (D:9)
  A steam dragon (D:7)
  Menkaure (D:7)
  An acid dragon (D:7)
  Edmund (D:5)
  3 black bears (D:7)
  An orc warrior (D:7)
  6 ice beasts
  A sky beast (D:7)
  A centaur (D:7)
  A kobold brigand (D:9)
  9 bullfrogs
  A gnoll sergeant (D:5)
  A scorpion (D:7)
  15 wights
  3 killer bees (D:7)
  A bombardier beetle (D:7)
  3 hounds (D:5)
  2 jellies (D:6)
  2 orc priests
  A gnoll bouda (D:7)
  4 iguanas
  2 sleepcaps
  Natasha (thrice) (D:2)
  7 orc wizards
  14 gnolls
  16 adders
  2 river rats (Sewer)
  3 white imps
  A howler monkey simulacrum (D:9)
  2 ufetubi (D:5)
  3 dart slugs
  2 ribbon worms (D:2)
  44 orcs
  5 endoplasms
  8 giant cockroaches
  13 goblins
  8 hobgoblins
  5 jackals (D:1)
  A quokka (D:2)
  14 ball pythons
  A bat (D:1)
  2 frilled lizards
  8 kobolds
  13 rats
259 creatures vanquished.

Vanquished Creatures (collateral kills)
  A yak (D:9)
  An unseen horror simulacrum (D:9)
  A steam dragon (D:7)
  An ice beast (D:9)
  A sky beast (D:8)
  A black bear (D:7)
  A wolf (D:9)
  A phantom (D:5)
  A gnoll sergeant (D:9)
  3 killer bees (D:7)
  A jelly (D:5)
  An orc wizard (D:9)
  3 gnolls (D:9)
  A river rat (Sewer)
  2 adders (Sewer)
  A howler monkey simulacrum (D:9)
  A white imp (D:7)
  7 orcs
  An endoplasm (Sewer)
  A giant cockroach (D:4)
  2 goblins (D:9)
  11 ball pythons (Sewer)
  A frilled lizard (Sewer)
  12 rats (Sewer)
57 creatures vanquished.

Vanquished Creatures (others)
  A spectral orange demon (D:8)
  A polar bear zombie (D:9)
  2 yak zombies (D:9)
  2 bullfrog zombies
  A scorpion zombie (D:7)
  A killer bee zombie (D:7)
  3 ice beast zombies
  A sky beast zombie (D:8)
  A steam dragon zombie (D:7)
  4 human zombies
  2 spectral white imps (D:7)
  3 adder zombies
  2 river rat zombies (Sewer)
  7 ball python zombies (Sewer)
  A bombardier beetle zombie (D:7)
  7 gnoll zombies
  A goblin zombie (D:9)
  A kobold zombie (D:9)
  13 orc zombies
  4 rat zombies (Sewer)
  A spectral ufetubus (D:5)
59 creatures vanquished.

Grand Total: 375 creatures vanquished

Notes
Turn   | Place    | Note
-------+----------+-------------------------------------------
     0 | D:1      | bobarctor the Demonspawn Monk began the quest for the Orb.
     0 | D:1      | Reached XP level 1. HP: 18/18 MP: 1/1
   119 | D:1      | Gained mutation: You sometimes gain a little power by
                  | taking damage. [demonic ancestry]
   119 | D:1      | Reached XP level 2. HP: 8/24 MP: 1/3
   281 | D:1      | Reached skill level 1 in Spellcasting
   598 | D:1      | Gained mutation: You sometimes gain power by taking damage.
                  | [demonic ancestry]
   598 | D:1      | Reached XP level 3. HP: 29/29 MP: 3/5
   888 | D:2      | Noticed Natasha
   897 | D:2      | Killed Natasha
  1236 | D:2      | Noticed Natasha
  1243 | D:2      | Killed Natasha
  1244 | D:2      | Gained mutation: You have a pair of small antennae on your
                  | head. [demonic ancestry]
  1244 | D:2      | Reached XP level 4. HP: 32/35 MP: 7/7
  1400 | D:2      | Noticed Natasha
  1419 | D:2      | Killed Natasha
  1480 | D:2      | Found a faded altar of an unknown god.
  1607 | D:2      | Reached XP level 5. HP: 30/41 MP: 8/8
  2110 | D:3      | Found Wuavaobelo's Distillery.
  2170 | D:3      | Found an ornate altar of the Wu Jian Council.
  2222 | D:3      | Found Qerops's Jewellery Shoppe.
  2261 | D:3      | Found a snail-covered altar of Cheibriados.
  2352 | D:3      | Found Irur's General Store.
  2737 | D:3      | Found Meczop's Jewellery Emporium.
  2993 | D:3      | Found Banieh's Book Shoppe.
  3061 | D:4      | Found a staircase to the Ecumenical Temple.
  3069 | Temple   | Entered the Ecumenical Temple
  3096 | Temple   | Became a worshipper of Yredelemnul the Dark
  3096 | Temple   | Reached * piety under Yredelemnul
  3096 | Temple   | Reached ** piety under Yredelemnul
  3149 | D:4      | Found a bloodstained altar of Trog.
  3250 | D:4      | Found a sacrificial altar of Ru.
  3255 | D:4      | Found a broken altar of Ashenzari.
  3256 | D:4      | Found an opulent altar of Gozag.
  3261 | D:4      | Reached skill level 1 in Invocations
  3261 | D:4      | Found an ancient bone altar of Kikubaaqudgha.
  3432 | D:4      | You fall into a shaft and drop 1 floor!
  3432 | D:5      | Entered Level 5 of the Dungeon
  3452 | D:5      | Found a blossoming altar of Fedhas.
  3461 | D:5      | Noticed an ice beast
  3468 | D:5      | Killed an ice beast
  3469 | D:5      | Reached XP level 6. HP: 48/48 MP: 9/11
  3498 | D:5      | Found a glowing drain.
  3546 | Sewer    | Entered a sewer
  4082 | Sewer    | Reached skill level 2 in Invocations
  4110 | Sewer    | Gained mutation: You have a pair of antennae on your head.
                  | [demonic ancestry]
  4110 | Sewer    | Reached XP level 7. HP: 25/54 MP: 11/13
  4520 | D:5      | Noticed Edmund
  4532 | D:5      | Killed Edmund
  4533 | D:5      | Reached skill level 3 in Invocations
  4604 | D:5      | Learned a level 3 spell: Vampiric Draining
  5021 | D:5      | Reached skill level 1 in Necromancy
  5176 | D:5      | Gained mutation: You have a pair of large antennae on your
                  | head. (SInv) [demonic ancestry]
  5176 | D:5      | Reached XP level 8. HP: 60/61 MP: 15/15
  5321 | D:6      | Reached skill level 5 in Spellcasting
  5366 | D:6      | Reached skill level 5 in Fighting
  5687 | D:5      | Reached skill level 4 in Invocations
  6000 | D:6      | Noticed Sigmund
  6014 | D:6      | Killed Sigmund
  6060 | D:6      | Your ally Sigmund died
  6245 | D:6      | Learned a level 2 spell: Call Imp
  6249 | D:6      | Learned a level 3 spell: Ozocubu's Armour
  6429 | D:6      | Learned a level 3 spell: Teleport Other
  6655 | D:6      | Reached skill level 5 in Maces & Flails
  6660 | D:6      | Reached skill level 1 in Summonings
  6660 | D:6      | Reached skill level 1 in Ice Magic
  6660 | D:6      | Reached skill level 5 in Invocations
  6677 | D:6      | Gained mutation: A meltable shield of frost defends you.
                  | (SH +4) [demonic ancestry]
  6677 | D:6      | Reached XP level 9. HP: 52/66 MP: 17/17
  6888 | D:6      | Reached skill level 5 in Dodging
  7190 | D:7      | Reached skill level 6 in Invocations
  7911 | D:7      | Found an iron altar of Okawaru.
  8060 | D:7      | Gained mutation: You are partially covered in rugged brown
                  | scales. (AC +1, +3% HP) [demonic ancestry]
  8060 | D:7      | Reached XP level 10. HP: 69/78 MP: 20/20
  8125 | D:7      | Noticed Menkaure
  8518 | D:7      | Reached skill level 1 in Translocations
  8518 | D:7      | Reached skill level 7 in Invocations
  8771 | D:7      | Killed Menkaure
  8888 | D:8      | Noticed Amaemon
  8889 | D:8      | Noticed an orange demon
  8986 | D:8      | Killed Amaemon
  9006 | D:8      | Killed an orange demon
  9271 | D:8      | Learned a level 3 spell: Summon Ice Beast
  9275 | D:8      | Learned a level 3 spell: Mephitic Cloud
  9279 | D:8      | Learned a level 3 spell: Hailstorm
  9359 | D:8      | Noticed an orc sorcerer
  9359 | D:8      | Noticed an orc sorcerer
  9364 | D:8      | Noticed a soul eater
  9588 | D:8      | Noticed a rust devil
  9589 | D:8      | Noticed a soul eater
  9599 | D:7      | Killed an orc sorcerer
  9653 | D:8      | Noticed a smoke demon
  9656 | D:7      | Paralysed by an orc sorcerer for 4 turns
  9659 | D:7      | Noticed a sixfirhy
  9660 | D:7      | Killed an orc sorcerer
  9880 | D:8      | Identified the +1 barding of the Insatiable Mice {Harm
                  | rElec Int+5 Stlth+}
  9925 | D:8      | Noticed Gastronok
 10031 | D:8      | Killed Gastronok
 10032 | D:8      | Reached skill level 1 in Conjurations
 10032 | D:8      | Reached skill level 1 in Air Magic
 10032 | D:8      | Reached skill level 1 in Alchemy
 10032 | D:8      | Reached skill level 8 in Invocations
 10032 | D:8      | Reached XP level 11. HP: 38/85 MP: 20/22
 10326 | D:8      | Noticed Pikel
 10356 | D:8      | Killed Pikel
 10770 | D:9      | Found a stormy altar of Qazlal.
 10798 | D:9      | Reached skill level 5 in Summonings
 10856 | D:9      | Found a flagged portal.
 10878 | Bailey   | Entered a bailey
 11374 | Bailey   | Noticed an orc knight
 11421 | Bailey   | Killed an orc knight
 12391 | D:9      | Reached skill level 5 in Ice Magic
 12452 | D:9      | Identified the +2 ring mail of Moral Flaws {Will++}
 12735 | D:9      | Found a radiant altar of Vehumet.
 12772 | D:9      | Mangled by a polar bear

Illustrated notes

Levels and vault maps discovered:
D:1:      dpeg_arrival_radiant, layout_basic, st_stairs_10,
          dreamdust_princess_corridor
D:2:      layout_basic, hellmonk_ecumenical_altar_prayer_group,
          kennysheep_decorative_pillar, chequers_serial_rivers_micro_b,
          minivault_4, uniq_natasha
D:3:      layout_loops_ring, old_standard_altar, nicolae_overflow_hidden_temple,
          serial_shops, shop, shop, shop, shop_statue, shop
D:4:      layout_basic, trog_three_pillars_becter, grunt_temple_overflow_open,
          minmay_temple_entry_purple_smoke
D:5:      layout_gridville, fedhas_altar_1, gup_sewer_entry_glass,
          minmay_misc_feat_alley, minmay_misc_feat_more_columns, uniq_edmund
D:6:      layout_basic, corner_web_ring, supply_closet_lemuel, uniq_sigmund
D:7:      minmay_polygon_palace, layout_basic, okawaru_gym_becter,
          minmay_ruffians, uniq_menkaure
D:8:      cheibrodos_wizards_tower, layout_loops_ring, feat_on_display,
          uniq_pikel, uniq_gastronok, uniq_amaemon
D:9:      layout_loops_ring, grunt_qazlal_clouds, vehumet_altar_wand_db,
          serial_ice, serial_ice_f, serial_ice_i, serial_ice_m, serial_ice_a,
          serial_ice_g, serial_ice_n, enter_bailey_3, nicolae_two_hexagons,
          uniq_maurice
Temple:   dpeg_chambers_temple

Skill      XL: |  1  2  3  4  5  6  7  8  9 10 11 |
---------------+----------------------------------+-----
Spellcasting   | 1 2 3 4 5 6 7 |  7.7
Dodging        | 3 4 5 6 |  6.0
Maces & Flails | 3 4 5 6 |  6.1
Invocations    | 1 2 3 5 6 8 |  8.8
Fighting       | 4 5 6 |  6.7
Necromancy     | 1 3 4 |  4.2
Summonings     | 1 3 4 5 |  5.3
Ice Magic      | 1 3 4 5 |  5.0
Translocations | 2 3 |  3.6
Conjurations   | 1 2 |  2.0
Air Magic      | 1 |  1.7
Alchemy        | 1 2 |  2.0
Armour         | |  0.2

Action                     |  1- 3 |  4- 6 |  7- 9 | 10-12 || total
---------------------------+-------+-------+-------+-------++-------
  Melee: Mace              |   101 |   115 |       |       ||   216
         Whip              |       |    75 |   119 |       ||   194
         Flail             |       |    15 |   145 |   317 ||   477
  Throw: Dart              |       |     3 |    17 |    15 ||    35
         Boomerang         |       |     4 |       |       ||     4
   Cast: Vampiric Draining |       |       |    28 |    24 ||    52
         Ozocubu's Armour  |       |       |       |     4 ||     4
         Hailstorm         |       |       |       |     2 ||     2
         Mephitic Cloud    |       |       |       |     1 ||     1
         Summon Ice Beast  |       |       |       |     1 ||     1
         Teleport Other    |       |       |       |     1 ||     1
 Invoke: Dark Bargain      |       |       |     1 |       ||     1
  Evoke: Wand              |       |       |    11 |    18 ||    29
    Use: Scroll            |       |    15 |     8 |     1 ||    24
         Potion            |       |       |       |     4 ||     4
   Stab: Distracted        |       |       |       |     5 ||     5
 Armour: Robe              |    58 |   123 |   200 |   293 ||   674
  Dodge: Dodged            |    78 |   184 |   216 |   355 ||   833

Table legend: (Time is in decaauts)
 A = Elapsed time spent in this place.
 B = Non-inter-level travel time spent in this place.
 C = Inter-level travel time spent in this place.
 D = Time resting spent in this place.
 E = Time spent auto-exploring this place.
 F = Levels seen in this place.
 G = Mean time per level.
                   A        B        C        D        E       F      G
               +--------+--------+--------+--------+--------+-----+--------+
         Total |  12926 |  12527 |    399 |   3840 |   5752 |  12 | 1077.2 |
       Dungeon |  11142 |  10795 |    347 |   2976 |   5368 |   9 | 1238.0 |
        Temple |     58 |      6 |     52 |      0 |      0 |   1 |   58.0 |
         Sewer |    771 |    771 |      0 |    434 |    129 |   1 |  771.0 |
        Bailey |    954 |    954 |      0 |    430 |    254 |   1 |  954.0 |
               +--------+--------+--------+--------+--------+-----+--------+

Top non-repeatable levels by time:
     D:7: 2028 daAuts
     D:8: 1548 daAuts
     D:5: 1533 daAuts
     D:6: 1480 daAuts
     D:2: 1247 daAuts
     D:9: 1123 daAuts
     D:3: 967 daAuts
  Bailey: 954 daAuts
     D:1: 900 daAuts
   Sewer: 771 daAuts
     D:4: 312 daAuts
  Temple: 58 daAuts
